 Dungeon Crawl Stone Soup version 0.29.1-4-g47bece8355 (webtiles) character file.

Game seed: 1484145385060116537

25 sanboga the Trooper (level 2, 0/24 HPs)
             Began as a Demonspawn Berserker on Dec 1, 2022.
             Was a Follower of Trog.
             Constricted to death by a ball python (1 damage)
             ... on level 1 of the Dungeon.
             The game lasted 00:01:32 (1130 turns).

sanboga the Trooper (Demonspawn Berserker)          Turns: 1130, Time: 00:01:32

Health: 0/24       AC:  2    Str: 17    XL:     2   Next: 86%
Magic:  2/2        EV:  9    Int:  8    God:    Trog [*.....]
Gold:   5          SH:  0    Dex: 12    Spells: 1/1 levels left

rFire   . . .      SeeInvis .     - Unarmed
rCold   . . .      Faith    .   (no shield)
rNeg    . . .      Spirit   .   a - +0 animal skin
rPois   .          Reflect  .   (no helmet)
rElec   .          Harm     .   (no cloak)
rCorr   .          Rampage  .   (no gloves)
Will    .....                   (no boots)
Stlth   +.........              (no amulet)
HPRegen 0.08/turn               (no ring)
MPRegen 0.08/turn               (no ring)

@: on berserk cooldown, slowed, constricted, very slow
A: claws 1
a: Renounce Religion, Berserk


You were on level 1 of the Dungeon.
You worshipped Trog.
Trog was aware of your devotion.
You visited 1 branch of the dungeon, and saw 1 of its levels.

You collected 15 gold pieces.
You spent 10 gold pieces at shops.

Inventory:

Armour
 a - a +0 animal skin (worn)
Scrolls
 c - 3 scrolls of enchant weapon {unknown}
 d - a scroll of enchant armour {unknown}
 e - a scroll of immolation {unknown}
Potions
 b - a potion of curing {unknown}
 f - a potion of mutation {unknown}


   Skills:
 + Level 3.2 Fighting
 + Level 2.1 Armour
 + Level 2.1 Dodging
 * Level 3.1 Unarmed Combat


You had one spell level left.
You didn't know any spells.
Your spell library was empty.

Dungeon Overview and Level Annotations

Branches:
Dungeon (1/15)

Altars:

Shops:
D:1 !


Innate Abilities, Weirdness & Mutations

You have sharp fingernails.


Message History

The endoplasm misses you. The hobgoblin hits you.
* * * LOW HITPOINT WARNING * * *
A red film seems to cover your vision as you go berserk!
You feel yourself moving faster!
You feel mighty! The endoplasm misses you. The hobgoblin hits you.
* * * LOW HITPOINT WARNING * * *
You claw the endoplasm!
You kill the endoplasm!
Trog accepts your kill.
You claw the hobgoblin!
You kill the hobgoblin!
Trog accepts your kill.
You feel a strong urge to attack something.
You feel your anger nearly subside.
You are no longer berserk.
You are exhausted.
You feel yourself slow down.
You start resting.
A ball python comes into view.
A ball python is nearby!
A ball python is nearby!
You are too injured to fight recklessly!
The ball python hisses angrily.
A rat comes into view.
The ball python bites you.
* * * LOW HITPOINT WARNING * * *
The ball python misses you. The ball python bites you.
* * * LOW HITPOINT WARNING * * *
The ball python barely misses you.
You closely miss the ball python. The ball python bites you.
* * * LOW HITPOINT WARNING * * *
The ball python grabs you. The ball python constricts you.
* * * LOW HITPOINT WARNING * * *
You closely miss the ball python. The ball python bites you.
* * * LOW HITPOINT WARNING * * *
The ball python constricts you. The ball python misses you.
The ball python constricts you.
* * * LOW HITPOINT WARNING * * *
You closely miss the ball python. The ball python barely misses you.
The ball python constricts you.
You die...

....## #.##.##### #....
###.)####.#......# ......#
#.#.#
..##......##†###.##.......
...#.. ..###.###....#
............ #..
.......#####.#####......#..#.
#.. .......#
#......#.........# #..
.......# #....[.#........ #..
..###.## #......#r.....# #..
### #.# #.....@S...!..# #.#..
#.# #########...>## #.... #..
..### ##### ..# #.# .!. .#
### .# #


You could see a ball python and a rat.

Vanquished Creatures
  A bat (D:1)
  4 endoplasms (D:1)
  A giant cockroach (D:1)
  A goblin (D:1)
  4 hobgoblins (D:1)
  A quokka (D:1)
  3 ball pythons (D:1)
  A frilled lizard (D:1)
  3 kobolds (D:1)
  4 rats (D:1)
23 creatures vanquished.

Notes
Turn   | Place    | Note
-------+----------+-------------------------------------------
     0 | D:1      | sanboga the Demonspawn Berserker began the quest for the
                  | Orb.
     0 | D:1      | Reached XP level 1. HP: 18/18 MP: 1/1
    82 | D:1      | Found Haini's Distillery.
   559 | D:1      | Gained mutation: You have sharp fingernails. [demonic
                  | ancestry]
   559 | D:1      | Reached XP level 2. HP: 15/24 MP: 2/2
   683 | D:1      | Found a faded altar of an unknown god.
   907 | D:1      | Bought a potion of degeneration for 10 gold pieces
  1129 | D:1      | HP: 1/24 [constriction (1)]
  1130 | D:1      | Constricted to death by a ball python

Illustrated notes

Levels and vault maps discovered:
D:1:      dpeg_arrival_erosion, layout_basic, serial_shops, shop,
          chequers_ecumenical_altar_simple_redux

Skill      XL: |  1  2 |
---------------+-------+-----
Armour         | 2 |  2.1
Dodging        | 2 |  2.1
Unarmed Combat | 3 |  3.1
Fighting       | |  3.2

Action                   || total
-------------------------++-------
Melee: Unarmed           ||    68
Invok: Berserk           ||     1
Armor: Animal skin       ||     9
Dodge: Dodged            ||    44
